Map: [G8] Dragon Scales

Players

HeroMarine

  • Race: Terran Terran
  • Spawn Location: 5:00

Creator - Winner!

  • Race: Protoss Protoss
  • Spawn Location: 11:00

Event: Gamers8 2023

VOD

Have the link to the VOD?

Description

Time

  • Played on: Aug. 3, 2023, 10:50 a.m.
  • Length: 8:17

All games in this series

Show
View Real Time Build Order
Export as new Build Order

HeroMarine Terran 

Build Orders:  

Get SALT Encoding   

  12  0:00  SCV  
  13  0:12  SCV  
  14  0:19  Supply Depot  
  14  0:24  SCV  
  15  0:40  SCV  
  15  0:41  Barracks  
  16  0:44  Refinery  
  16  0:53  SCV  
  16  0:54  Refinery  
  17  1:05  SCV  
  18  1:17  SCV  
  19  1:28  Reaper  
  19  1:29  Orbital Command  
  19  1:30  Supply Depot  
  20  1:41  Factory  
  20  1:54  SCV  
  20  2:00  Reaper  
  22  2:06  SCV  
  23  2:17  Command Center  
  23  2:19  SCV  
  24  2:25  Hellion  
  26  2:31  SCV  
  26  2:32  Barracks Reactor  
  27  2:38  Starport  
  27  2:43  SCV  
  28  2:47  Supply Depot  
  28  2:49  Factory Tech Lab  
  28  2:55  SCV  
  29  3:08  SCV  
  30  3:13  Cyclone  
  30  3:18  Marine x2  
  34  3:20  SCV  
  33  3:28  Medivac  
  33  3:32  SCV  
  36  3:35  Marine x2, Orbital Command  
  38  3:44  SCV  
  42  3:53  Marine x2  
  41  3:56  SCV  
  41  3:57  Factory Tech Lab  
  41  4:00  Barracks  
  42  4:03  SCV  
  42  4:05  Raven  
  42  4:08  SCV  
  46  4:11  Marine x2, Supply Depot  
  46  4:16  SCV  
  48  4:17  Siege Tank  
  48  4:20  SCV  
  48  4:22  Barracks  
  52  4:29  Marine x2  
  54  4:32  SCV x2  
  54  4:37  Supply Depot  
  56  4:44  SCV  
  56  4:45  SCV  
  57  4:47  Marine x2  
  57  4:49  Siege Tank  
  62  4:54  Engineering Bay  
  62  4:55  Stimpack  
  62  4:59  Marine, Refinery, SCV x2  
  65  5:04  Marine  
  65  5:05  Marine  
  67  5:07  Supply Depot  
  67  5:11  SCV x2  
  69  5:15  Supply Depot  
  69  5:20  Terran Infantry Weapons Level 1  
  69  5:23  Marine  
  69  5:27  Starport Reactor  
  69  5:28  Marine, SCV x2  
  70  5:30  Supply Depot  
  70  5:31  Marine x2  
  70  5:32  Refinery  
  70  5:35  Combat Shield  
  75  5:40  SCV x2  
  75  5:42  Marine  
  78  5:43  Factory Reactor  
  78  5:46  Marine  
  78  5:49  Marine x2  
  80  5:50  Supply Depot  
  80  5:52  SCV x2  
  76  6:00  Marine  
  76  6:04  Marine  
  78  6:07  Marauder x2  
  78  6:09  Medivac x2  
  86  6:15  Supply Depot  
  86  6:17  SCV x2  
  86  6:18  Marine  
  89  6:21  Widow Mine x2  
  89  6:25  Marine  
  94  6:27  Supply Depot  
  94  6:28  Marauder  
  94  6:29  Marauder  
  98  6:36  Marine, Concussive Shells  
  99  6:42  Supply Depot  
  99  6:43  Widow Mine x2  
  101  6:50  Marauder x2  
  101  6:53  Marine x2  
  98  7:10  Marine  
  98  7:11  Marauder x2, Marine  
  98  7:12  Command Center, Widow Mine x2  
  98  7:13  Medivac  
  101  7:24  SCV  
  101  7:25  SCV  
  101  7:29  Marine x2  
  100  7:33  Marauder x2  
  83  7:41  SCV x2  
  66  7:46  Widow Mine  
  66  7:47  Marine x2  
  61  7:54  Marauder x2  
Show
View Real Time Build Order
Export as new Build Order

Creator Protoss - Winner!

Build Orders: 1 Gate Expand, Phoenix Opening, Blink Stalkers 

Get SALT Encoding   

  12  0:00  Probe  
  13  0:12  Probe  
  14  0:17  Pylon  
  14  0:24  Probe (Chrono Boost)  
  15  0:36  Probe (Chrono Boost)  
  15  0:38  Gateway  
  16  0:44  Probe (Chrono Boost)  
  16  0:46  Assimilator  
  17  0:51  Probe  
  18  1:03  Probe  
  19  1:15  Probe  
  20  1:25  Cybernetics Core  
  20  1:31  Nexus  
  20  1:37  Pylon  
  20  1:41  Probe  
  20  1:45  Assimilator  
  21  1:53  Probe  
  22  1:58  Stalker (Chrono Boost)  
  22  2:02  Warp Gate  
  22  2:05  Probe  
  25  2:17  Probe  
  25  2:21  Sentry  
  28  2:29  Probe (Chrono Boost)  
  29  2:40  Twilight Council  
  29  2:41  Probe (Chrono Boost)  
  31  2:45  Probe (Chrono Boost)  
  31  2:49  Stalker  
  31  2:50  Probe (Chrono Boost)  
  34  2:53  Probe (Chrono Boost)  
  34  2:55  Phoenix  
  34  2:57  Probe (Chrono Boost)  
  34  2:58  Probe (Chrono Boost)  
  36  3:03  Shield Battery  
  37  3:08  Probe  
  37  3:10  Probe  
  39  3:14  Blink (Chrono Boost)  
  39  3:23  Probe  
  39  3:25  Probe  
  39  3:36  Probe  
  39  3:37  Probe  
  41  3:41  Gateway  
  41  3:42  Pylon  
  41  3:43  Robotics Facility  
  41  3:48  Probe  
  42  3:49  Probe  
  42  3:52  Gateway  
  42  3:54  Stalker  
  45  4:00  Pylon  
  45  4:01  Probe  
  45  4:02  Probe  
  47  4:04  Assimilator  
  47  4:09  Shield Battery  
  47  4:17  Stalker  
  47  4:18  Probe x2  
  51  4:25  Nexus  
  51  4:27  Phoenix  
  50  4:31  Immortal (Chrono Boost)  
  50  4:38  Stalker  
  56  4:41  Stalker  
  58  4:48  Stalker  
  58  4:50  Pylon  
  60  4:54  Probe x2  
  60  4:59  Pylon  
  62  5:06  Pylon  
  62  5:08  Probe (Chrono Boost)  
  62  5:09  Observer  
  62  5:11  Pylon  
  62  5:13  Probe (Chrono Boost)  
  65  5:20  Probe (Chrono Boost)  
  67  5:21  Stalker x2  
  67  5:23  Probe (Chrono Boost)  
  67  5:24  Probe (Chrono Boost)  
  67  5:26  Charge (Chrono Boost)  
  72  5:29  Gateway  
  72  5:34  Probe (Chrono Boost)  
  73  5:37  Warp Prism (Chrono Boost)  
  73  5:38  Probe (Chrono Boost)  
  73  5:40  Probe (Chrono Boost)  
  77  5:55  Probe (Chrono Boost)  
  72  5:58  Probe  
  72  5:59  Probe  
  74  6:04  Gateway  
  74  6:05  Gateway, Sentry x2  
  74  6:06  Probe  
  74  6:07  Gateway  
  74  6:09  Gateway  
  74  6:10  Shield Battery  
  79  6:12  Pylon  
  79  6:13  Probe x2  
  79  6:16  Stalker  
  84  6:18  Probe  
  84  6:19  Pylon  
  84  6:25  Forge, Stalker  
  86  6:31  Zealot  
  86  6:32  Pylon, Zealot  
  90  6:37  Immortal (Chrono Boost)  
  90  6:40  Pylon  
  90  6:43  Stalker  
  96  6:49  Stalker  
  98  6:56  Stalker x2  
  101  7:02  Zealot x3  
  101  7:07  Stalker x2  
  102  7:23  Zealot x2  
  102  7:24  Zealot x4  
  97  7:43  Stalker x2  
  87  7:46  Pylon  
  87  7:47  Zealot x4  
  61  8:07  Stalker x2  
  61  8:08  Stalker  
  61  8:10  Zealot x2  
  61  8:11  Zealot  
Tags
 
Add a new tag
Caveats
  • Supply blocks, unpowered buildings, or Contaminate may cause inaccurate times.
  • Supply counts are checked every 10 seconds.